 Dungeon Crawl Stone Soup version 0.30-a0-800-g7c544603b3 (webtiles) character file.

Game seed: 17773711612525353096

2 Pimp the Trooper (level 1, 0/18 HPs)
             Began as a Demonspawn Fighter on Feb 21, 2023.
             Frozen to death by an endoplasm (1 damage)
             ... on level 1 of the Dungeon.
             The game lasted 00:00:09 (62 turns).

Pimp the Trooper (Demonspawn Fighter)                 Turns: 62, Time: 00:00:09

Health: 0/18       AC:  6    Str: 16    XL:     1   Next: 33%
Magic:  1/1        EV:  8    Int:  9    God:
Gold:   0          SH:  4    Dex: 12    Spells: 0/0 levels left

rFire   . . .      SeeInvis .    a - +0 war axe
rCold   . . .      Faith    .    c - +0 buckler
rNeg    . . .      Spirit   .    b - +0 scale mail
rPois   .          Reflect  .    (no helmet)
rElec   .          Harm     .    (no cloak)
rCorr   .          Rampage  .    (no gloves)
Will    .....                    (no boots) Stlth
                                 (no amulet)
HPRegen 0.23/turn                (no ring)
MPRegen 0.07/turn                (no ring)

@: no status effects
A: no striking features
a: no special abilities


You were on level 1 of the Dungeon.
You visited 1 branch of the dungeon, and saw 1 of its levels.

Inventory:

Hand Weapons
 a - a +0 war axe (weapon)
Armour
 b - a +0 scale mail (worn)
 c - a +0 buckler (worn)
Potions
 d - a potion of might


   Skills:
 + Level 3.0 Fighting
 + Level 1.8 Axes
 + Level 2.7 Armour
 + Level 2.7 Shields


You couldn't memorise any spells.
You didn't know any spells.
Your spell library was empty.

Dungeon Overview and Level Annotations

Branches:
Dungeon (1/15)

Altars:


Message History

The goblin hits you but does no damage.
You barely miss the goblin.
The goblin is moderately wounded.
You barely miss the kobold. The goblin hits you but does no damage.
The kobold hits you but does no damage.
You hit the goblin but do no damage.
The goblin is moderately wounded.
You hit the kobold. The kobold hits you with a +0 dagger.
The goblin hits you with a +0 club. You block the endoplasm's attack.
The kobold barely misses you. The goblin hits you but does no damage.
You barely miss the goblin.
The goblin is moderately wounded.
You barely miss the kobold. You hit the endoplasm. The endoplasm hits you.
The goblin hits you with a +0 club. The kobold hits you with a +0 dagger.
* * * LOW HITPOINT WARNING * * *
You closely miss the goblin.
The goblin is moderately wounded.
You closely miss the kobold. You hit the endoplasm.
The kobold hits you but does no damage. The endoplasm freezes you.
You are frozen.
* * * LOW HITPOINT WARNING * * *
The goblin barely misses you. The kobold barely misses you.
The endoplasm barely misses you. The goblin closely misses you.
You hit the goblin.
You kill the goblin!
You hit the kobold. You barely miss the endoplasm.
The kobold hits you with a +0 dagger.
* * * LOW HITPOINT WARNING * * *
The endoplasm completely misses you.
Found a ruby potion.
The kobold hits you but does no damage. The endoplasm completely misses you.
Things that are here:
a +0 club; a goblin corpse You hit the endoplasm.
The endoplasm is almost dead.
You barely miss the kobold. The kobold closely misses you.
The endoplasm freezes you.
You are frozen.
You die...

###########.....#........
........)........
#########........ ######
#........
+..^..####........
#.............##
#.............#
#....?........#
#...K@J.........
#...............
#?..............
..................
............$$~...
............~_~..
............~$$
.............!.


You could see an endoplasm and a kobold.

Vanquished Creatures
  A goblin (D:1)
  A hobgoblin (D:1)
2 creatures vanquished.

Notes
Turn   | Place    | Note
-------+----------+-------------------------------------------
     0 | D:1      | Pimp the Demonspawn Fighter began the quest for the Orb.
     0 | D:1      | Reached XP level 1. HP: 18/18 MP: 1/1
    50 | D:1      | Found a faded altar of an unknown god.
    62 | D:1      | Frozen to death by an endoplasm

Illustrated notes

Levels and vault maps discovered:
D:1:      evilmike_arrival_crescent, layout_basic,
          hellmonk_ecumenical_altar_pennies_from_heaven

Action                     || total
---------------------------++-------
  Melee: War axe           ||    13
 Armour: Scale mail        ||    10
  Dodge: Dodged            ||    10
  Block: Buckler           ||     2

Table legend: (Time is in decaauts)
 A = Elapsed time spent in this place.
 B = Non-inter-level travel time spent in this place.
 C = Inter-level travel time spent in this place.
 D = Time resting spent in this place.
 E = Time spent auto-exploring this place.
 F = Levels seen in this place.
 G = Mean time per level.
                   A        B        C        D        E       F      G
               +--------+--------+--------+--------+--------+-----+--------+
         Total |     67 |     67 |      0 |      0 |     39 |   1 |   67.0 |
       Dungeon |     67 |     67 |      0 |      0 |     39 |   1 |   67.0 |
               +--------+--------+--------+--------+--------+-----+--------+

Top non-repeatable levels by time:
     D:1: 67 daAuts
